Map: Ice and Chrome LE

Players

TriasThePony - Winner!

  • Race: Terran Terran
  • League: Platinum
  • Spawn Location: 7:00

Slaight

  • Race: Protoss Protoss
  • League: Platinum
  • Spawn Location: 1:00

VOD

Have the link to the VOD?

Description

Time

  • Played on: Aug. 14, 2020, 4:59 p.m.
  • Length: 14:30
Show
View Real Time Build Order
Export as new Build Order

TriasThePony Terran - Winner!

Build Orders:  

Get SALT Encoding   

  12  0:00  SCV  
  13  0:13  SCV  
  14  0:17  Supply Depot  
  14  0:25  SCV  
  15  0:39  SCV  
  15  0:41  Barracks  
  16  0:48  Refinery  
  16  0:56  SCV  
  17  1:05  Barracks  
  17  1:11  SCV  
  18  1:33  SCV  
  18  1:34  Reaper  
  20  1:46  Supply Depot  
  20  1:47  Orbital Command  
  20  2:00  Barracks Tech Lab  
  20  2:16  SCV  
  20  2:17  Barracks Tech Lab  
  21  2:24  Marauder  
  21  2:26  Concussive Shells  
  21  2:28  SCV  
  26  2:37  Marauder  
  26  2:44  SCV  
  26  2:46  Marauder  
  29  2:58  Marauder  
  31  3:23  Command Center  
  31  4:04  Bunker  
  31  4:07  Factory  
  31  4:34  SCV, Engineering Bay, Marauder x2  
  31  4:35  Refinery, Barracks  
  31  4:36  Orbital Command  
  36  4:46  SCV  
  37  4:56  Marauder  
  37  4:58  SCV  
  41  5:05  Bunker  
  39  5:08  Factory Reactor  
  39  5:09  SCV  
  39  5:10  SCV, Starport  
  34  5:21  SCV  
  34  5:23  SCV  
  34  5:28  Barracks Tech Lab  
  36  5:29  Stimpack  
  36  5:33  SCV, Marine x2  
  36  5:35  SCV  
  40  5:46  Bunker  
  40  5:49  SCV x2  
  42  5:51  Marine  
  42  5:52  Supply Depot  
  42  5:57  Barracks Reactor  
  43  6:03  Supply Depot  
  43  6:07  Refinery  
  43  6:09  SCV  
  43  6:11  SCV  
  45  6:20  Missile Turret  
  45  6:21  SCV  
  45  6:23  SCV  
  45  6:24  Missile Turret, Marine  
  45  6:25  Marine  
  49  6:26  Liberator  
  52  6:33  Missile Turret  
  52  6:34  Supply Depot  
  52  6:35  Supply Depot x2  
  52  6:36  Marine  
  52  6:37  Marine  
  52  6:39  Factory Reactor  
  54  6:42  Marine  
  54  6:43  Marauder  
  57  6:53  Marine  
  57  7:26  Medivac  
  57  7:27  Missile Turret  
  57  7:28  SCV x2, Marine x4  
  65  7:34  Barracks  
  65  7:37  Barracks  
  65  7:46  Marine x2  
  65  7:47  Marauder  
  69  7:55  Marine  
  70  8:04  Marine  
  71  8:06  Marine  
  71  8:08  Terran Infantry Weapons Level 1, Marauder  
  71  8:11  Armory  
  74  8:13  Marine  
  74  8:14  Missile Turret  
  74  8:15  Combat Shield  
  75  8:21  Marine  
  75  8:24  Marine  
  75  8:25  Barracks Tech Lab  
  75  8:26  Widow Mine x2  
  81  8:29  Barracks Reactor, Marine  
  81  8:30  Marine  
  83  8:34  Refinery  
  83  8:35  Missile Turret  
  83  8:38  Missile Turret  
  83  8:41  Marine  
  83  8:42  SCV, Marine  
  86  9:48  Supply Depot  
  86  9:49  Supply Depot  
  86  9:55  Command Center  
  86  9:57  Starport  
  86  10:00  Supply Depot  
  86  10:02  Supply Depot  
  86  10:06  Marine x2  
  94  10:07  SCV, Widow Mine x2  
  94  10:09  Marine x2, Liberator x2  
  94  10:10  SCV, Marine  
  104  10:15  Marauder  
  104  10:16  Marauder  
  104  10:19  SCV  
  104  10:20  Terran Infantry Armor Level 1  
  107  10:22  SCV  
  107  10:24  Supply Depot, Marine x2  
  107  10:27  Marauder, Marine  
  112  10:31  SCV  
  112  10:34  SCV  
  114  10:36  Marauder  
  114  10:37  Liberator  
  114  10:38  Marauder  
  121  10:49  Marauder  
  122  10:52  Liberator  
  125  11:09  Medivac  
  127  11:16  Bunker  
  127  11:20  Liberator  
  129  11:53  Marine  
  121  11:56  Marine  
  121  11:57  Marauder  
  121  12:00  Marauder, Marine  
  115  12:06  Marine  
  115  12:07  Marauder  
  108  12:26  Marauder, Marine  
  108  12:27  Marauder  
  108  12:28  Marauder  
  106  12:46  Marine  
  106  12:47  Marine  
  106  12:48  Marauder x2  
  106  12:49  Marauder  
  114  12:51  Marine  
  114  12:52  Marine  
  116  13:04  Marine  
  117  13:06  Command Center x2  
  117  13:09  Marauder x2, Marine  
  117  13:10  Marine  
  117  13:11  Marauder  
  125  13:19  Marine  
  126  13:56  Supply Depot  
  126  14:08  Bunker  
  126  14:09  Missile Turret  
  126  14:12  Missile Turret  
  126  14:17  SCV x2  
Show
View Real Time Build Order
Export as new Build Order

Slaight Protoss 

Build Orders: 1 Gate Expand 

Get SALT Encoding   

  12  0:02  Probe  
  13  0:14  Probe  
  14  0:22  Pylon  
  14  0:26  Assimilator  
  14  0:29  Probe  
  15  0:41  Probe (Chrono Boost)  
  16  0:47  Gateway  
  16  0:53  Probe (Chrono Boost)  
  17  1:01  Probe (Chrono Boost)  
  18  1:14  Probe  
  19  1:26  Probe  
  20  1:35  Nexus  
  20  1:38  Probe  
  21  1:43  Cybernetics Core  
  21  1:52  Probe  
  22  1:58  Assimilator  
  22  2:01  Pylon  
  22  2:04  Probe  
  22  2:17  Adept (Chrono Boost)  
  22  2:22  Warp Gate  
  24  2:30  Robotics Facility  
  24  2:34  Probe  
  25  2:40  Stalker  
  27  2:46  Probe  
  28  2:52  Probe  
  29  2:59  Probe  
  30  3:07  Probe  
  30  3:21  Twilight Council  
  30  3:25  Probe  
  30  3:26  Probe  
  34  3:37  Gateway  
  34  3:38  Probe  
  34  3:40  Probe  
  36  3:50  Probe  
  36  3:52  Probe  
  36  3:53  Shield Battery  
  37  3:56  Shield Battery  
  37  3:59  Immortal (Chrono Boost)  
  34  4:07  Gateway  
  33  4:12  Pylon  
  33  4:28  Immortal (Chrono Boost)  
  37  4:33  Stalker  
  37  5:28  Nexus  
  37  5:31  Pylon x2  
  37  5:34  Pylon  
  37  5:47  Charge (Chrono Boost)  
  37  5:49  Probe  
  38  5:54  Warp Prism  
  40  6:01  Probe  
  41  6:06  Zealot  
  43  6:12  Robotics Bay  
  43  6:13  Probe  
  44  6:25  Probe  
  45  6:37  Probe  
  46  7:06  Zealot x3  
  52  7:13  Probe  
  52  7:14  Probe  
  48  7:18  Assimilator  
  48  7:21  Assimilator  
  48  7:23  Colossus (Chrono Boost)  
  48  7:24  Gateway  
  48  7:26  Probe x2  
  48  7:27  Gateway  
  56  7:38  Probe  
  57  7:44  Robotics Facility  
  57  7:50  Stalker x2  
  61  7:55  Sentry  
  63  8:04  Probe x2  
  65  8:10  Immortal  
  69  8:16  Probe  
  70  8:23  Pylon  
  70  8:24  Pylon  
  70  8:27  Forge  
  70  8:29  Extended Thermal Lance  
  70  8:55  Forge  
  70  8:56  Gateway  
  70  9:12  Zealot x5  
  72  9:37  Colossus, Protoss Ground Weapons Level 1 (Chrono Boost)  
  74  9:38  Protoss Shields Level 1 (Chrono Boost)  
  74  9:50  Stalker  
  74  9:51  Stalker x2  
  80  9:59  Warp Prism  
  82  10:11  Nexus  
  82  10:15  Pylon  
  82  10:16  Pylon  
  80  10:54  Zealot x6  
  92  11:03  Probe  
  92  11:04  Probe  
  94  11:15  Zealot x4  
  94  11:16  Templar Archives  
  102  11:23  Probe x2  
  104  11:27  Pylon  
  104  11:28  Pylon  
  104  11:30  Pylon, Colossus  
  110  11:35  Probe x2  
  110  11:38  Protoss Ground Armor Level 1  
  111  11:53  Zealot x5  
  111  11:54  Zealot  
  44  12:18  Shield Battery  
  44  12:19  Stalker  
  44  12:20  Stalker x4  
  47  12:51  High Templar x5  
  47  12:57  Archon x2  
  40  13:21  Zealot x4  
  40  13:25  Cybernetics Core  
  43  13:42  Zealot  
  43  13:43  Zealot x3  
  49  14:03  Stalker  
  51  14:16  Stalker  
Tags
 
Add a new tag
Caveats
  • Supply blocks, unpowered buildings, or Contaminate may cause inaccurate times.
  • Supply counts are checked every 10 seconds.